 Dungeon Crawl Stone Soup version 0.30-a0-859-gf88a04b62d (webtiles) character file.

Game seed: 12708011330509502533

133511 Pooter the Severer (level 16, -1/220 HPs)
             Began as a Minotaur Berserker on Mar 5, 2023.
             Was an Elder of Trog.
             Slain by a black mamba (9 damage)
             ... led by a naga ritualist
             ... on level 1 of the Snake Pit on Mar 6, 2023.
             The game lasted 03:25:39 (39400 turns).

Pooter the Severer (Minotaur Berserker)            Turns: 39400, Time: 03:25:39

Health: -1/220     AC: 28    Str: 31    XL:     16   Next: 60%
Magic:  3/15       EV: 10    Int: 12    God:    Trog [****..]
Gold:   1358       SH:  0    Dex:  8    Spells: 15/15 levels left

rFire   + . .      SeeInvis .    T - +10 dark maul {heavy}
rCold   + + .      Faith    .    (shield currently unavailable)
rNeg    . . .      Spirit   .    h - +10 plate armour of the Blind Marksman {Int+3}
rPois   +          Reflect  .    (helmet restricted)
rElec   .          Rampage  .    Z - scarf {rC+ rF+}
rCorr   +          Clarity  +    e - +2 pair of gloves
Will    +....                    (no boots) Stlth
                                 s - amulet of regeneration
HPRegen 1.36/turn                I - ring "Meyg Qotoy" {rC+ rCorr Int+2 Slay+3 Stlth-}
MPRegen 0.14/turn                C - ring "Janerphosch" {rPois rCorr}

@: berserking, hasted, very quick
A: horns 2, retaliatory headbutt, clarity, clever 1, clumsy 1, strong 1
a: Renounce Religion, Berserk, Trog's Hand, Brothers in Arms


You were on level 1 of the Snake Pit.
You worshipped Trog.
Trog was greatly pleased with you.
You visited 4 branches of the dungeon, and saw 23 of its levels.
You also visited: Bailey and Gauntlet.

You collected 4281 gold pieces.
You spent 2923 gold pieces at shops.

Inventory:

Hand Weapons
 a - a +7 battleaxe of electrocution
   (Trog gifted it to you on level 5 of the Lair of Beasts)
 b - the +5 arbalest of the Puckish God {penet, Will- MP+9 Int+3 Stlth+}
   (You found it on level 11 of the Dungeon)

   Int:       It affects your intelligence (+3).
   MP:        It affects your magic capacity (+9).
   Will:      It decreases your willpower.
   Stlth:     It makes you more stealthy.
 z - a +3 heavy halberd
   (You took it off a death knight on level 11 of the Dungeon)
 K - a +4 antimagic broad axe
   (Trog gifted it to you on level 4 of the Lair of Beasts)
 T - the +10 dark maul (weapon) {heavy}
   (You took it off a two-headed ogre on level 9 of the Dungeon)
Missiles
 B - 15 boomerangs (quivered)
 M - 4 curare-tipped darts
 O - 8 javelins
 Y - 3 boomerangs of dispersal {!f}
Armour
 e - a +2 pair of gloves (worn)
   (You found it on level 5 of the Dungeon)
 h - the +10 plate armour of the Blind Marksman (worn) {Int+3}
   (You found it on level 15 of the Dungeon)

   Int:       It affects your intelligence (+3).
 H - a scarf of repulsion
   (You found it on level 2 of the Lair of Beasts)
 Z - a scarf of resistance (worn)
   (You found it on level 2 of the Lair of Beasts)
Jewellery
 g - the ring of Fadup {Will+ Str+6 Int-2 Dex+4}
   (You bought it in a shop on level 7 of the Dungeon)

   [ring of strength]

   Str:       It affects your strength (+6).
   Int:       It affects your intelligence (-2).
   Dex:       It affects your dexterity (+4).
   Will:      It increases your willpower.
 s - an amulet of regeneration (around neck)
   (You found it on level 11 of the Dungeon)
 A - a ring of fire
   (You found it on level 4 of the Dungeon)
 C - the ring "Janerphosch" (right hand) {rPois rCorr}
   (You bought it in a shop on level 14 of the Dungeon)

   [ring of poison resistance]

   rPois:     It protects you from poison.
   rCorr:     It protects you from acid and corrosion.
 G - an amulet of guardian spirit
   (You found it on level 11 of the Dungeon)
 I - the ring "Meyg Qotoy" (left hand) {rC+ rCorr Int+2 Slay+3 Stlth-}
   (You bought it in a shop on level 7 of the Dungeon)

   [ring of slaying]

   Int:       It affects your intelligence (+2).
   Slay:      It affects your accuracy & damage with ranged weapons and melee
   (+3).
   rC:        It protects you from cold.
   rCorr:     It protects you from acid and corrosion.
   Stlth:     It makes you less stealthy.
 N - a ring of positive energy
   (You found it on level 11 of the Dungeon)
 U - a ring of protection from cold
   (You found it on level 3 of the Dungeon)
 V - a +4 ring of protection
   (You took it off a minotaur in a Gauntlet)
 X - the ring "Titasitt" {Fly rElec MP+9 Str+3 Dex-4}
   (You found it in a Gauntlet)

   [ring of magical power]

   Str:       It affects your strength (+3).
   Dex:       It affects your dexterity (-4).
   rElec:     It insulates you from electricity.
   MP:        It affects your magic capacity (+9).
   Fly:       It grants you flight.
Wands
 f - a wand of flame (23)
   (You found it on level 11 of the Dungeon)
 u - a wand of paralysis (30)
   (You found it on level 8 of the Dungeon)
 x - a wand of quicksilver (18)
   (You found it on level 10 of the Dungeon)
 D - a wand of digging (10)
   (You found it on level 5 of the Lair of Beasts)
 E - a wand of mindburst (5)
   (You found it on level 13 of the Dungeon)
 J - a wand of roots (21)
   (You found it on level 2 of the Lair of Beasts)
Scrolls
 c - 2 scrolls of noise {!r}
 i - 2 scrolls of blinking
 l - 2 scrolls of magic mapping
 m - 3 scrolls of immolation {!r}
 n - a scroll of summoning
 t - 12 scrolls of teleportation {@r4}
 v - 5 scrolls of poison {!r}
 w - 3 scrolls of silence
 F - 5 scrolls of fear
 R - 3 scrolls of fog
Potions
 d - 6 potions of lignification {!q}
 j - 4 potions of flight
 k - 5 potions of attraction {!q}
 o - 6 potions of curing {@q1}
 p - 5 potions of cancellation
 q - a potion of might
 r - 5 potions of heal wounds {@q2}
 y - 2 potions of mutation {!q}
 P - a potion of haste {@q3}
 S - 4 potions of resistance
Miscellaneous
 L - a phial of floods
   (You found it in a Gauntlet)
 Q - a tin of tremorstones (1/2)
   (You found it on level 11 of the Dungeon)
 W - a condenser vane
   (You found it on level 1 of the Lair of Beasts)


   Skills:
 + Level 14.9 Fighting
 - Level 20.1(20.3) Axes
 * Level 5.3(14.1) Maces & Flails
 - Level 16.0 Ranged Weapons
 + Level 5.6 Throwing
 - Level 11.1 Armour
 + Level 6.6 Dodging
 + Level 5.2 Stealth
 - Level 9.4 Evocations


You had 15 spell levels left.
You didn't know any spells.
Your spell library was empty.

Dungeon Overview and Level Annotations

Branches:
Dungeon (15/15)            Temple (0/1) D:6            Lair (5/5) D:8
  Swamp (0/4) Lair:3        Snake (1/4) Lair:2        Slime (0/5) Lair:5
    Orc (2/2) D:11            Elf (0/3) Orc:2        Vaults (0/5) D:14
 Depths (0/4) D:15         Bailey (visited)         Gauntlet (visited)

Altars:
Ashenzari
Dithmenos
Gozag
Hepliaklqana
Makhleb
Nemelex Xobeh
Okawaru
Qazlal
Xom
Yredelemnul
The Shining One
Jiyva

Shops:
D:2 [   D:4 :   D:7 =   D:9 (   D:11 [   D:14 =   Orc:2 :[*(

Annotations:
D:5 2 runed translucent doors


Innate Abilities, Weirdness & Mutations

You have a pair of horns on your head.
You reflexively headbutt those who attack you in melee.
You possess an exceptional clarity of mind.
Your mind is acute. (Int +4, Str/Dex -1)
You are clumsy. (Dex -2)
Your muscles are strong. (Str +4, Int/Dex -1)


Message History

The mana viper bites you!
* * * LOW HITPOINT WARNING * * *
You feel your power leaking away.
* * * LOW MAGIC WARNING * * *
The naga warrior hits you but does no damage.
The naga warrior constricts you.
* * * LOW HITPOINT WARNING * * *
The mana viper completely misses you. You furiously retaliate!
You headbutt the mana viper!
Unknown command.
You closely miss the mana viper. The mana viper barely misses you.
The naga warrior closely misses you. The naga warrior constricts you.
The mana viper bites you but does no damage.
The naga warrior hits you with a +0 mace.
* * * LOW HITPOINT WARNING * * *
The naga warrior constricts you.
* * * LOW HITPOINT WARNING * * *
Unknown command.
A red film seems to cover your vision as you go berserk!
You feel yourself moving faster!
You feel mighty!
The mana viper bites you but does no damage.
The naga warrior hits you with a +0 mace.
* * * LOW HITPOINT WARNING * * *
The naga warrior constricts you.
* * * LOW HITPOINT WARNING * * *
You completely miss the mana viper. You headbutt the mana viper!!
The mana viper bites you but does no damage.
The mana viper closely misses you.
The naga warrior hits you but does no damage.
The naga warrior constricts you.
* * * LOW HITPOINT WARNING * * *
Unknown command.
You crush the mana viper like a grape!!!
You kill the mana viper!
Trog accepts your kill. The black mamba bites you.
* * * LOW HITPOINT WARNING * * *
The naga warrior spits poison at you. The splash of poison misses you.
The naga warrior constricts you.
* * * LOW HITPOINT WARNING * * *
The black mamba bites you but does no damage.
The naga warrior hits you but does no damage.
The naga warrior constricts you.
You crush the naga warrior like a grape!!!!
You kill the naga warrior!
Trog accepts your kill. The black mamba barely misses you.
The black mamba closely misses you. You furiously retaliate!
You headbutt the black mamba!! The black mamba bites you!
You die...

#........###.....
.........#.......
.......#.#.......
#.......#.......
#...............
#.........)###..
#### ###..........#
...
##....#)......#.#..#
...
#.....S@#.........##
..
......###..#.....##
# ..... ####.....#
.... ###..># ###
#####


You could see a black mamba.

Vanquished Creatures
  Asterion (Snake:1)
  A frost giant (D:15)
  An orc warlord (Orc:2)
  Nessos (D:14)
  A minotaur (Gauntlet)
  A fire dragon (Lair:5)
  13 hydras
  Erica (D:8)
  12 centaur warriors
  4 anacondas (Snake:1)
  A death knight (D:11)
  A catoblepas (D:13)
  11 two-headed ogres
  5 boulder beetles
  6 death yaks
  4 tengu warriors
  2 naga warriors (Snake:1)
  2 naga sharpshooters (Snake:1)
  2 shock serpents
  A skyshark (Lair:3)
  Nergalle (Lair:1)
  An orc high priest (Orc:1)
  A skeletal warrior (D:11)
  2 sixfirhies (Gauntlet)
  A swamp dragon (Lair:5)
  A naga ritualist (Snake:1)
  8 orc knights
  2 lindwurms
  A deep elf pyromancer (D:11)
  3 orc sorcerers (Orc:2)
  4 mana vipers
  3 salamanders (Snake:1)
  12 cyclopes
  3 manticores
  17 ugly things
  18 elephants (Lair:3)
  6 black mambas
  A naga mage (Snake:1)
  A torpor snail (Lair:3)
  3 efreet
  4 kobold demonologists (D:11)
  3 unseen horrors
  5 rime drakes
  2 tengu conjurers
  11 cane toads
  A yaktaur (shapeshifter) (D:11)
  12 komodo dragons
  A yaktaur (D:11)
  10 polar bears (Lair:5)
  9 trolls
  Grinder (D:3)
  3 raiju
  A queen bee (Lair:1)
  2 dream sheep (Lair:3)
  10 blink frogs
  Sigmund (D:3)
  6 slime creatures
  A centaur simulacrum (D:14)
  3 vampires
  A yak (shapeshifter) (D:11)
  59 yaks
  4 spriggans (Bailey)
  8 wyverns
  16 humans
  7 shadows
  6 wraiths
  5 steam dragons
  8 basilisks
  11 vampire mosquitoes
  5 nagas
  11 wargs
  8 acid dragons
  A swamp worm (Lair:3)
  11 water moccasins
  15 hell hounds
  32 orc warriors
  A swamp drake (Lair:5)
  11 ogres
  17 black bears
  2 phantoms
  36 wolves
  14 centaurs
  2 kobold brigands
  10 bullfrogs
  A gnoll sergeant (D:11)
  2 scorpions (D:6)
  A wyvern zombie (D:5)
  8 wights
  34 killer bees
  An electric eel (D:8)
  9 howler monkeys
  2 jellies
  2 bullfrog zombies (D:5)
  10 hounds
  2 gnoll boudas
  7 orc priests
  2 bullfrog skeletons (D:5)
  Jessica (D:2)
  2 sleepcaps
  7 hell rats (Lair:4)
  A scorpion zombie (D:5)
  7 iguanas
  21 orc wizards
  A hound zombie (D:5)
  Robin (D:2)
  7 adders
  8 gnolls
  2 shadow imps (D:6)
  A white imp (D:7)
  2 ufetubi (D:5)
  An adder zombie (D:5)
  4 worms
  4 dart slugs
  56 orcs
  3 bats
  3 endoplasms
  3 giant cockroaches
  22 goblins
  9 hobgoblins
  12 jackals
  3 quokkas
  8 ball pythons
  3 frilled lizards
  17 kobolds
  4 rats
  2 butterflies (Lair:2)
843 creatures vanquished.

Vanquished Creatures (collateral kills)
  An ugly thing (D:11)
1 creature vanquished.

Vanquished Creatures (others)
  An ogre mage (D:11)
  An orc wizard (D:8)
  37 fungi
  52 plants
  22 withered plants
113 creatures vanquished.

Grand Total: 957 creatures vanquished

Notes
Turn   | Place    | Note
-------+----------+-------------------------------------------
     0 | D:1      | Pooter the Minotaur Berserker began the quest for the Orb.
     0 | D:1      | Reached XP level 1. HP: 19/19 MP: 0/0
    21 | D:1      | Reached skill level 4 in Axes
    74 | D:1      | Reached XP level 2. HP: 27/27 MP: 1/1
   319 | D:1      | Reached ** piety under Trog
   320 | D:1      | Reached XP level 3. HP: 31/33 MP: 2/2
   970 | D:2      | Reached skill level 5 in Axes
  1255 | D:2      | Noticed Robin
  1260 | D:2      | Killed Robin
  1260 | D:2      | Noticed Jessica
  1261 | D:2      | Reached XP level 4. HP: 41/41 MP: 3/3
  1271 | D:2      | Killed Jessica
  1430 | D:2      | Found Yjiu's Antique Armour Shop.
  1922 | D:3      | Reached skill level 6 in Axes
  2043 | D:3      | Reached XP level 5. HP: 47/47 MP: 4/4
  2384 | D:3      | Reached *** piety under Trog
  2385 | D:3      | Reached skill level 5 in Fighting
  2420 | D:3      | Noticed Sigmund
  2433 | D:3      | Killed Sigmund
  2433 | D:3      | Noticed Grinder
  2434 | D:3      | Reached skill level 7 in Axes
  2434 | D:3      | Reached XP level 6. HP: 57/57 MP: 5/5
  2438 | D:3      | Paralysed by Grinder for 3 turns
  2447 | D:3      | Paralysed by Grinder for 3 turns
  2452 | D:3      | Killed Grinder
  2453 | D:3      | Reached skill level 8 in Axes
  2453 | D:3      | Reached XP level 7. HP: 10/63 MP: 6/6
  3408 | D:4      | Found a basalt altar of Yredelemnul.
  3419 | D:4      | Found a stormy altar of Qazlal.
  4020 | D:4      | Found Bedwosun's Book Shoppe.
  4161 | D:5      | Entered Level 5 of the Dungeon
  4170 | D:5      | Reached skill level 9 in Axes
  4389 | D:5      | Found a large runed translucent door.
  4391 | D:5      | Found a large runed translucent door.
  4877 | D:4      | Reached XP level 8. HP: 61/73 MP: 7/7
  5001 | D:5      | Found a large runed translucent door.
  5001 | D:5      | Found a large runed translucent door.
  5042 | D:5      | Reached skill level 10 in Axes
  5287 | D:5      | Noticed a two-headed ogre
  5293 | D:5      | Killed a two-headed ogre
  5294 | D:5      | Reached skill level 11 in Axes
  5295 | D:5      | Reached **** piety under Trog
  5629 | D:5      | Reached skill level 12 in Axes
  5629 | D:5      | Reached XP level 9. HP: 83/83 MP: 8/8
  6511 | D:5      | Identified the +8 whip of the Thieving Shrike {flame,
                  | rElec}
  6761 | D:6      | Found a shadowy altar of Dithmenos.
  6794 | D:6      | Reached skill level 13 in Axes
  7188 | D:6      | Found a sparkling altar of Nemelex Xobeh.
  7188 | D:6      | Found an opulent altar of Gozag.
  7363 | D:6      | Found a staircase to the Ecumenical Temple.
  7429 | D:6      | Found a glowing golden altar of the Shining One.
  7810 | D:7      | Found Anoyttah's One-of-a-Kind Rings.
  7830 | D:7      | Reached skill level 10 in Fighting
  7926 | D:7      | Found a shimmering altar of Xom.
  8174 | D:7      | Found a broken altar of Ashenzari.
  8262 | D:7      | Reached skill level 1 in Ranged Weapons
  8570 | D:8      | Noticed Erica
  8580 | D:8      | Killed Erica
  8581 | D:8      | Reached skill level 14 in Axes
  8581 | D:8      | Reached XP level 10. HP: 94/94 MP: 9/9
  8866 | D:8      | Found a staircase to the Lair.
  9256 | D:8      | Reached skill level 1 in Evocations
  9956 | D:9      | Found Dezukyed's Weapon Boutique.
 10076 | D:9      | Found a flagged portal.
 10207 | Bailey   | Entered a bailey
 10284 | Bailey   | Reached skill level 5 in Ranged Weapons
 10367 | Bailey   | Noticed a two-headed ogre
 10379 | Bailey   | Killed a two-headed ogre
 10380 | Bailey   | Reached skill level 15 in Axes
 10533 | Bailey   | Identified the +3 steam dragon scales of Qediys {rPois}
 10601 | D:9      | Noticed a cyclops
 10612 | D:9      | Killed a cyclops
 10613 | D:9      | Reached XP level 11. HP: 74/104 MP: 10/10
 10692 | D:9      | Noticed a two-headed ogre
 10694 | D:9      | Noticed a two-headed ogre
 10715 | D:8      | Killed a two-headed ogre
 10763 | D:9      | Killed a two-headed ogre
 10869 | D:9      | Noticed an orc knight
 10873 | D:9      | Killed an orc knight
 11301 | D:9      | Noticed a green ugly thing
 11304 | D:9      | Noticed a centaur warrior
 11399 | D:9      | HP: 4/105 [efreet/bolt of fire (13)]
 11651 | D:8      | Killed a green ugly thing
 12138 | D:9      | Killed a centaur warrior
 13337 | D:10     | Entered Level 10 of the Dungeon
 13481 | D:10     | Reached skill level 16 in Axes
 13753 | D:10     | Found an iron altar of Okawaru.
 13759 | D:10     | Found a burning altar of Makhleb.
 14398 | Lair:1   | Entered Level 1 of the Lair of Beasts
 14406 | Lair:1   | Reached XP level 12. HP: 79/115 MP: 11/11
 14903 | Lair:1   | Noticed Nergalle
 14912 | Lair:1   | Killed Nergalle
 15811 | Lair:2   | Noticed a four-headed hydra
 15811 | Lair:2   | Found a gate leading to a gauntlet.
 15818 | Lair:2   | Killed a four-headed hydra
 15819 | Lair:2   | Reached skill level 5 in Evocations
 15844 | Gauntlet | Entered a Gauntlet
 15844 | Gauntlet | Found a transporter.
 15844 | Gauntlet | Found a transporter.
 15844 | Gauntlet | Found a transporter.
 15856 | Gauntlet | Found a transporter.
 15938 | Gauntlet | Found a transporter.
 15945 | Gauntlet | Reached skill level 17 in Axes
 16150 | Gauntlet | Found a transporter.
 16154 | Gauntlet | Identified the ring "Titasitt" {Fly rElec MP+9 Str+3 Dex-4}
 16160 | Gauntlet | Found a transporter.
 16182 | Gauntlet | Found a transporter.
 16190 | Gauntlet | Identified the +6 long sword of Karma {freeze, rPois}
 16190 | Gauntlet | Noticed a minotaur
 16193 | Gauntlet | Killed a minotaur
 16194 | Gauntlet | Reached skill level 10 in Ranged Weapons
 16270 | Lair:2   | Reached skill level 5 in Armour
 17230 | Lair:2   | Noticed a five-headed hydra
 17235 | Lair:2   | Killed a five-headed hydra
 17236 | Lair:2   | Reached XP level 13. HP: 85/122 MP: 12/12
 17998 | Lair:2   | Found a staircase to the Snake Pit.
 18307 | Lair:3   | Reached ***** piety under Trog
 18739 | Lair:3   | Reached skill level 18 in Axes
 19485 | Lair:3   | Found a staircase to the Swamp.
 20470 | Lair:4   | Received a gift from Trog
 20663 | Lair:4   | Reached skill level 19 in Axes
 20663 | Lair:4   | Reached XP level 14. HP: 127/129 MP: 13/13
 20929 | D:7      | Bought the ring "Meyg Qotoy" {rC+ rCorr Int+2 Slay+3
                  | Stlth-} for 1011 gold pieces
 21701 | Lair:5   | Entered Level 5 of the Lair of Beasts
 22561 | Lair:5   | Found a viscous altar of Jiyva.
 22562 | Lair:5   | Found a staircase to the Slime Pits.
 23945 | Lair:5   | Received a gift from Trog
 24438 | Lair:5   | Reached skill level 20 in Axes
 24816 | D:11     | Found Depimy's Antique Armour Shoppe.
 25779 | D:11     | Reached skill level 1 in Throwing
 25923 | D:11     | Found a staircase to the Orcish Mines.
 26029 | D:11     | Reached skill level 1 in Stealth
 26239 | D:11     | Reached XP level 15. HP: 136/136 MP: 14/14
 26982 | D:11     | Identified the +5 arbalest of the Puckish God {penet, Will-
                  | MP+9 Int+3 Stlth+}
 27087 | D:11     | Reached skill level 10 in Armour
 27666 | D:12     | Reached skill level 15 in Ranged Weapons
 29021 | D:7      | Bought the ring of Fadup {Will+ Str+6 Int-2 Dex+4} for 792
                  | gold pieces
 30501 | D:13     | Upgraded the game from 0.30-a0-857-gcaf70739d4 to
                  | 0.30-a0-859-gf88a04b62d
 30615 | D:14     | Noticed Nessos
 30866 | D:14     | Killed Nessos
 31167 | D:14     | Found a gate to the Vaults.
 31722 | D:14     | Found Virag's Jewellery Emporium.
 31731 | D:14     | Bought the ring "Janerphosch" {rPois rCorr} for 456 gold
                  | pieces
 31745 | D:14     | Reached skill level 5 in Dodging
 32162 | D:14     | Reached XP level 16. HP: 147/147 MP: 15/15
 32374 | D:14     | Found a hazy altar of Hepliaklqana.
 32424 | D:15     | Entered Level 15 of the Dungeon
 32739 | D:15     | Identified the +10 plate armour of the Blind Marksman
                  | {Int+3}
 33660 | D:15     | Found a staircase to the Depths.
 33707 | D:15     | Gained mutation: You do not regenerate when monsters are
                  | visible. [potion of mutation]
 33707 | D:15     | Gained mutation: You are partially covered in iridescent
                  | scales. (AC +2) [potion of mutation]
 33708 | D:15     | Lost mutation: You are partially covered in iridescent
                  | scales. (AC +2) [potion of mutation]
 33708 | D:15     | Lost mutation: You do not regenerate when monsters are
                  | visible. [potion of mutation]
 33708 | D:15     | Gained mutation: You have hidden genetic potential. [potion
                  | of mutation]
 33708 | D:15     | Gained mutation: Armour fits poorly on your strangely
                  | shaped body. [potion of mutation]
 33708 | D:15     | Gained mutation: Your flesh is heat resistant. (rF+)
                  | [potion of mutation]
 33709 | D:15     | Lost mutation: You have hidden genetic potential. [potion
                  | of mutation]
 33709 | D:15     | Lost mutation: Your flesh is heat resistant. (rF+) [potion
                  | of mutation]
 33709 | D:15     | Lost mutation: Armour fits poorly on your strangely shaped
                  | body. [potion of mutation]
 33709 | D:15     | Gained mutation: You have a somewhat thin skeletal
                  | structure. (Dex +2, Stealth+) [potion of mutation]
 33709 | D:15     | Gained mutation: You have a pair of large horns on your
                  | head. [potion of mutation]
 33710 | D:15     | Lost mutation: You have a pair of large horns on your head.
                  | [potion of mutation]
 33710 | D:15     | Lost mutation: You have a somewhat thin skeletal structure.
                  | (Dex +2, Stealth+) [potion of mutation]
 33710 | D:15     | Gained mutation: You possess an exceptional clarity of
                  | mind. [potion of mutation]
 33710 | D:15     | Gained mutation: You are clumsy. (Dex -2) [potion of
                  | mutation]
 33710 | D:15     | Gained mutation: Your muscles are strong. (Str +4, Int/Dex
                  | -1) [potion of mutation]
 33710 | D:15     | Gained mutation: Your mind is acute. (Int +4, Str/Dex -1)
                  | [potion of mutation]
 33859 | Orc:1    | Entered Level 1 of the Orcish Mines
 34231 | Orc:2    | Entered Level 2 of the Orcish Mines
 34231 | Orc:2    | Found Paagitod's Antique Weapon Emporium.
 34470 | Orc:2    | Found a staircase to the Elven Halls.
 34857 | Orc:1    | Reached skill level 1 in Maces & Flails
 35709 | Orc:2    | Found a shimmering altar of Xom.
 35938 | Orc:2    | Found Weungogg's Book Emporium.
 36006 | Orc:2    | Found Focoog's Antique Armour Shop.
 36069 | Orc:2    | Found Ibonilaf's General Store.
 36092 | Orc:2    | Paralysed by an orc sorcerer for 4 turns
 36099 | Orc:2    | Reached skill level 5 in Throwing
 36255 | Orc:2    | Bought a potion of mutation for 120 gold pieces
 36255 | Orc:2    | Bought a scroll of enchant weapon for 112 gold pieces
 36255 | Orc:2    | Bought a wand of paralysis (6) for 216 gold pieces
 36255 | Orc:2    | Bought a wand of paralysis (6) for 216 gold pieces
 36760 | Snake:1  | Entered Level 1 of the Snake Pit
 36773 | Lair:2   | HP: 9/220 [mana viper (5)]
 39203 | Snake:1  | Reached skill level 5 in Stealth
 39207 | Snake:1  | Noticed Asterion
 39216 | Snake:1  | Killed Asterion
 39278 | Snake:1  | Reached skill level 5 in Maces & Flails
 39397 | Snake:1  | HP: 10/220 [constriction (3)]
 39400 | Snake:1  | Slain by a black mamba

Illustrated notes

Levels and vault maps discovered:
D:1:      dpeg_arrival_orchard, layout_basic, minmay_tetromino_l4
D:2:      layout_basic, serial_shops, shop, grunt_ministairs_5,
          chequers_decorated_corner, minmay_misc_feat_tiny, uniq_robin,
          uniq_jessica
D:3:      layout_basic, uniq_grinder, uniq_sigmund
D:4:      minmay_skewed_foursquare, layout_gridville,
          amethyst_overflow_temple_binary, serial_shops,
          nicolae_shop_temple_entry_statues_fountains
D:5:      layout_basic, serial_undead, serial_undead_f, serial_undead_e,
          serial_undead_a, serial_undead_c, serial_undead_f, serial_undead_f,
          minmay_hollow_rounded_squares
D:6:      layout_loops_ring, tso_altar, grunt_temple_overflow_opulence,
          nicolae_dithmenos_shadow_blocks, temple_hall, minmay_crystal_room
D:7:      layout_basic, mainiacjoe_overflow_surrounded_room,
          lemuel_doored_altar, roderic_cross_of_infinity,
          nicolae_shop_unique_rings
D:8:      layout_layer_cave, erik_lair_island, uniq_erica
D:9:      minmay_curly_fans, layout_loops_cross, enter_bailey_2, serial_shops,
          nicolae_shop_crystal, corexii_corridor_pit,
          hellmonk_guarded_unrand_dark_maul
D:10:     layout_basic, grunt_temple_overflow_open, minmay_misc_feat_cross
D:11:     minmay_the_grid_square_5x5_5x5
          [minmay_the_grid_square_5x5_intrusive_squares,
          minmay_the_grid_square_5x5_three_walls,
          minmay_the_grid_square_5x5_bridge,
          minmay_the_grid_square_5x5_checkered,
          minmay_the_grid_square_5x5_slash, minmay_the_grid_square_5x5_n,
          minmay_the_grid_square_5x5_prize_junk,
          minmay_the_grid_square_5x5_inner_z,
          minmay_the_grid_square_5x5_prize_snowflake,
          minmay_the_grid_square_5x5_three_small,
          minmay_the_grid_square_5x5_meh,
          minmay_the_grid_square_5x5_spiral_small,
          minmay_the_grid_square_5x5_prize_deathbox,
          minmay_the_grid_square_5x5_shuriken,
          minmay_the_grid_square_5x5_n_small, minmay_the_grid_square_5x5_c,
          minmay_the_grid_square_5x5_prize_gold,
          minmay_the_grid_square_5x5_eight,
          minmay_the_grid_square_5x5_prize_pseudospiral,
          minmay_the_grid_square_5x5_broken_cross,
          minmay_the_grid_square_5x5_hourglass,
          minmay_the_grid_square_5x5_two_small,
          minmay_the_grid_square_5x5_half_checkered,
          minmay_the_grid_square_5x5_comb,
          minmay_the_grid_square_5x5_two_walls_b], layout_stronghold,
          orc_0_dummy, serial_shops, shop_coins
D:12:     layout_rooms, minmay_misc_feat_chi
D:13:     layout_grid_maze
D:14:     layout_roguey, david_vaults_3, nicolae_hepliaklqana_hippocampus,
          serial_shops, nicolae_shop_statue_plus
D:15:     grunt_enter_depths_snipers, layout_stronghold, minmay_misc_feat_rows
Lair:1:   layout_roguey [special_room_bee], grunt_megastairs_5, uniq_nergalle
Lair:2:   layout_roguey, nicolae_snake_entry_squirm, gauntlet_entry_generic,
          lemuel_fruit_fields, lemuel_fruit_fields
Lair:3:   layout_roguey, palyth_hydra_swamp_entry, beast_lair_carwin_4
Lair:4:   layout_cave_pods, special_room [special_room_mythical_zoo]
Lair:5:   hangedman_lair_caniforms_friends, layout_misc_corridors,
          guppyfry_lair_end_dragon, slime_entry_1
Snake:1:  layout_misc_corridors, nicolae_snake_salamander_jacuzzi, uniq_asterion
Orc:1:    layout_caves, kennysheep_orc_chapel
Orc:2:    grunt_orc_gardens, layout_caves, grunt_orc_garden, grunt_orc_garden,
          grunt_orc_garden, grunt_orc_garden, basic_altar, mines5_lemuel

Skill      XL: |  1  2  3  4  5  6  7  8  9 10 11 12 13 14 15 16 |
---------------+-------------------------------------------------+-----
Axes           | 4 5 6 7 8 9 12 14 15 16 17 19 20 | 20.1
Fighting       | 4 5 6 7 9 10 12 13 14 | 14.9
Ranged Weapons | 2 5 8 10 12 14 15 16 | 16.0
Evocations     | 2 4 6 7 8 9 |  9.4
Armour         | 5 7 9 10 11 | 11.1
Throwing       | 1 4 5 |  5.6
Stealth        | 1 3 5 |  5.2
Dodging        | 5 6 |  6.6
Maces & Flails | 5 |  5.3

Action                     |  1- 3 |  4- 6 |  7- 9 | 10-12 | 13-15 | 16-18 || total
---------------------------+-------+-------+-------+-------+-------+-------++-------
  Melee: Hand axe          |    45 |       |       |       |       |       ||    45
         Headbutt          |     8 |     7 |    37 |    48 |    61 |    15 ||   176
         Flail             |    35 |    42 |   236 |       |       |       ||   313
         Punch             |     1 |       |     2 |       |       |       ||     3
         Battleaxe         |       |       |    15 |   212 |   117 |    12 ||   356
         Maul              |       |       |       |    75 |   407 |   108 ||   590
   Fire: Sling             |    12 |     5 |    41 |       |       |       ||    58
         Shortbow          |       |       |    24 |   117 |   122 |       ||   263
         Arbalest          |       |       |       |       |   110 |   138 ||   248
  Throw: Dart              |     1 |     6 |    11 |    12 |    11 |       ||    41
         Stone             |     1 |       |       |       |       |       ||     1
         Javelin           |       |       |       |       |     4 |       ||     4
         Boomerang         |       |       |       |       |     6 |       ||     6
 Invoke: Berserk           |     2 |     2 |    15 |    16 |    19 |     5 ||    59
         Trog's Hand       |     1 |       |     5 |    18 |    29 |     8 ||    61
         Brothers in Arms  |       |       |       |       |     1 |       ||     1
  Evoke: Wand              |       |     6 |     5 |     5 |     3 |       ||    19
         Condenser vane    |       |       |       |     1 |     2 |     1 ||     4
         Tin of tremorston |       |       |       |       |       |     2 ||     2
    Use: Scroll            |       |     6 |     9 |    18 |    18 |     2 ||    53
         Potion            |       |       |     1 |     2 |     6 |     5 ||    14
   Stab: Paralysed         |       |       |       |     4 |     1 |       ||     5
 Armour: Animal skin       |     6 |       |       |       |       |       ||     6
         Ring mail         |    15 |    12 |    23 |       |       |       ||    50
         Chain mail        |       |       |    37 |       |       |       ||    37
         Storm dragon scal |       |       |    68 |   243 |  1032 |     1 ||  1344
         Plate armour      |       |       |       |       |       |   306 ||   306
  Dodge: Dodged            |    52 |    17 |   124 |   176 |   693 |   206 ||  1268

Table legend: (Time is in decaauts)
 A = Elapsed time spent in this place.
 B = Non-inter-level travel time spent in this place.
 C = Inter-level travel time spent in this place.
 D = Time resting spent in this place.
 E = Time spent auto-exploring this place.
 F = Levels seen in this place.
 G = Mean time per level.
                   A        B        C        D        E       F      G
               +--------+--------+--------+--------+--------+-----+--------+
         Total |  40902 |  39252 |   1650 |  17175 |  15539 |  25 | 1636.1 |
       Dungeon |  24217 |  23011 |   1206 |   8676 |  10732 |  15 | 1614.5 |
          Lair |  10844 |  10473 |    371 |   4988 |   3648 |   5 | 2168.8 |
     Snake Pit |   2342 |   2342 |      0 |   1961 |    167 |   1 | 2342.0 |
  Orcish Mines |   2709 |   2637 |     72 |   1120 |    981 |   2 | 1354.5 |
        Bailey |    399 |    399 |      0 |    178 |      0 |   1 |  399.0 |
      Gauntlet |    388 |    388 |      0 |    250 |     10 |   1 |  388.0 |
               +--------+--------+--------+--------+--------+-----+--------+

Top non-repeatable levels by time:
    D:11: 3303 daAuts
  Lair:4: 2844 daAuts
  Lair:2: 2757 daAuts
     D:9: 2580 daAuts
     D:5: 2423 daAuts
 Snake:1: 2342 daAuts
     D:8: 2245 daAuts
  Lair:5: 2196 daAuts
    D:13: 2065 daAuts
  Lair:3: 1575 daAuts
     D:4: 1552 daAuts
  Lair:1: 1469 daAuts
   Orc:1: 1423 daAuts
    D:15: 1380 daAuts
    D:14: 1367 daAuts
